 Dungeon Crawl Stone Soup version 0.18-a0-998-gcb3fcb1 (webtiles) character file.

3361030 JokEr the Conqueror (level 27, 218/218 HPs)
             Began as a Minotaur Berserker on Jan 3, 2016.
             Was the Champion of the Shining One.
             Escaped with the Orb
             ... and 6 runes on Jan 5, 2016!
             The game lasted 05:49:01 (99909 turns).

JokEr the Conqueror (Minotaur Berserker)           Turns: 99909, Time: 05:49:02

Health: 218/218    AC: 40    Str: 36    XL:     27
Magic:  30/30      EV: 29    Int:  8    God:    the Shining One [******]
Gold:   10055      SH: 26    Dex: 21    Spells: 0 memorised, 26 levels left

rFire  + + .     SeeInvis +     z - +9 flail "Tattletale" {elec, Fragile +Blink rPois rN++}
rCold  + . .     Gourm    .     P - +3 gold dragon armour
rNeg   + + +     Faith    .     R - +5 shield of the Flute {rElec Int+4}
rPois  +         Spirit   .     (helmet restricted)
rElec  +         Dismiss  .     s - +2 cloak {+Inv}
rCorr  .         Reflect  +     M - +0 pair of gloves {Dex+3}
SustAt .         Harm     .     L - +2 pair of boots {run}
MR     ++...     Rnd*Tele +     D - +3 amulet of reflection
Stlth  ..........               I - ring of Midsummer {Fire Str+6}
                                Q - ring "Maor" {rC+ Str+3 Dex+4 SInv}

@: glowing, studying Bows, quick, very resistant to hostile enchantments,
extremely unstealthy
A: retaliatory headbutt, horns 2, clumsy 1, deterioration 2, frail 2, low mp 1,
regeneration 1, screaming 1, teleportitis 1, weak 1
a: Divine Shield, Cleansing Flame, Summon Divine Warrior, Renounce Religion,
Evoke Blink, Evoke Invisibility
0: Orb of Zot
}: 6/15 runes: decaying, slimy, silver, golden, abyssal, gossamer


You escaped.
You worshipped the Shining One.
The Shining One was exalted by your worship.
You were completely stuffed.

You visited 13 branches of the dungeon, and saw 64 of its levels.
You visited the Abyss 2 times.
You visited 1 ziggurat, and saw 8 of its levels.
You also visited: Labyrinth and Ice Cave.

You collected 12246 gold pieces.
You spent 2191 gold pieces at shops.

Inventory:

Hand Weapons
 z - the +9 flail "Tattletale" (weapon) {elec, Fragile +Blink rPois rN++}
   (You found it on level 8 of the Lair of Beasts)

   Occasionally, upon striking a foe, it will discharge some electrical energy
   and cause terrible harm.
   It protects you from poison.
   It greatly protects you from negative energy.
   It lets you blink.
   It will be destroyed if unequipped.
 O - a +9 eveningstar of holy wrath
Armour
 s - a +2 cloak of invisibility (worn)
 L - a +2 pair of boots of running (worn)
 M - a +0 pair of gloves of dexterity (worn)
 P - a +3 gold dragon armour (worn)
 R - the +5 shield of the Flute (worn) {rElec Int+4}
   (You acquired it on level 1 of the Swamp)

   It affects your intelligence (+4).
   It insulates you from electricity.
 T - a +0 large shield of resistance
Jewellery
 C - a cursed +1 ring of protection
 D - a +3 amulet of reflection (around neck)
 I - the ring of Midsummer (right hand) {Fire Str+6}
   (You bought it in a shop on level 5 of the Vaults)

   [ring of fire]

   It enhances your fire magic, and weakens your ice magic.
   It affects your strength (+6).
   It protects you from fire.
   It makes you vulnerable to cold.
 Q - the ring "Maor" (left hand) {rC+ Str+3 Dex+4 SInv}
   (You took it off a tengu reaver on level 3 of the Depths)

   [ring of protection from cold]

   It affects your strength (+3).
   It affects your dexterity (+4).
   It protects you from cold.
   It lets you see invisible.
 S - an uncursed amulet of resist corrosion
Wands
 o - a wand of hasting (9/9)
 w - a wand of enslavement (14/24)
 H - a wand of digging (20/24)
 U - a wand of teleportation (3/9)
Scrolls
 b - 6 scrolls of fear
 e - 21 scrolls of teleportation
 h - 2 scrolls of holy word
 l - 3 scrolls of amnesia
 q - 6 scrolls of magic mapping
 y - 3 scrolls of silence
 B - 2 scrolls of brand weapon
 G - 10 scrolls of recharging
 K - 31 scrolls of remove curse
 N - 4 scrolls of fog
 W - 3 scrolls of enchant weapon
 X - 10 scrolls of identify
Potions
 f - 3 potions of brilliance
 k - 6 potions of flight
 m - 5 potions of ambrosia
 t - a potion of heal wounds
 u - 5 potions of magic
 x - 5 potions of cancellation
 A - 2 potions of curing
 Z - a potion of haste
Books
 r - a manual of Bows
Miscellaneous
 n - a lamp of fire
 F - a box of beasts {used: 1}
 J - a figurine of a ziggurat
 V - a fan of gales
 Y - 3 phantom mirrors
Comestibles
 a - 12 beef jerkies
 c - 10 bread rations
 g - 41 fruits
 j - 15 slices of pizza
 p - 2 royal jellies
 v - 14 meat rations


   Skills:
 O Level 27 Fighting
 O Level 27 Maces & Flails
 O Level 27 Armour
 O Level 27 Dodging
 + Level 20.3 Shields
 - Level 11.2 Invocations
 - Level 16.0 Evocations


You had 26 spell levels left.
You didn't know any spells.

Dungeon Overview and Level Annotations

Branches:
Dungeon (15/15)            Temple (1/1) D:6            Lair (8/8) D:8
  Swamp (4/4) Lair:6       Spider (4/4) Lair:5        Slime (6/6) Lair:7
    Orc (2/2) D:9             Elf (3/3) Orc:2        Vaults (5/5) D:13
  Crypt (3/3) Vaults:3       Tomb (3/3) Crypt:3      Depths (5/5) D:15
    Zot (5/5) Depths:5

Altars:
Ashenzari
Cheibriados
Dithmenos
Elyvilon
Fedhas
Gozag
Kikubaaqudgha
Makhleb
Nemelex Xobeh
Okawaru
Pakellas
Qazlal
Ru
Sif Muna
Trog
Vehumet
Xom
Yredelemnul
Zin
The Shining One
Beogh

Shops:
D:9 (   D:12 [([!   Orc:2 (*(*   Elf:3 }   Vaults:3 *   Vaults:4 =
Vaults:5 [=   Depths:1 :*

Portals:
Hell: Depths:1 Depths:2 Depths:3 Depths:4 Depths:5
Abyss: Depths:2 Depths:3 Depths:4
Pandemonium: Depths:3 Depths:4


Innate Abilities, Weirdness & Mutations

You reflexively headbutt those who attack you in melee.
You have a pair of horns on your head.
You are clumsy. (Dex -2)
Your body often deteriorates upon taking damage.
You are very frail (-20% HP).
Your magical capacity is low (-10% MP).
Your natural rate of healing is unusually fast.
You occasionally shout uncontrollably at your foes.
You are occasionally teleported next to monsters.
You are weak. (Str -2)


Message History

The monstrous demonspawn misses you.
You bludgeon the monstrous demonspawn!!
There is a sudden explosion of sparks!
The monstrous demonspawn is almost dead.
You block the monstrous demonspawn's attack. x3
You hit the monstrous demonspawn.
There is a sudden explosion of sparks!
You kill the monstrous demonspawn!
The Shining One accepts your kill.
No target in view!
Things that are here:
a chain mail; a monstrous demonspawn corpse
There is an open door here.
A giant gecko comes into view.
You shout at the giant gecko!
You block the giant gecko's attack.
You bludgeon the giant gecko!!
There is a sudden explosion of sparks!
You kill the giant gecko!
No target in view!
There is a large open door here.
There is a staircase leading out of the dungeon here.
You have escaped!

###.#######''#######
#.#...## #.#
###≈≈..≈≈### #.#.###
#.###≈≈≈≈..≈§≈≈##
#.#.#
#.##§≈≈#≈..≈#≈§§#
#.#.#
#.##≈≈≈≈§..≈≈≈≈§##
#.#.#
###.#≈§≈§≈≈..≈§≈≈≈≈#
#.#.#
#...#§§§≈≈#..#≈§≈≈≈#
#.#.####
###.#§≈#≈§#..#≈§#≈≈#
#.#.....
#.#≈§§≈≈#.@#§§§≈§#
#.......
#.#§§≈§≈####≈≈≈§≈#
######## #.#≈≈≈§
≈§≈≈# #.##≈≈ §# #.#
#.# #.# #.# #.#


There were no monsters in sight!

Vanquished Creatures
  Dissolution (Slime:6)
  the Royal Jelly (Slime:6)
  4 orbs of fire
  Mara (Swamp:4)
  6 ancient liches
  The ghost of Medar the Brilliant, a veteran DDWn of Pakellas (Zot:2)
  18 greater mummies
  Sojobo (Depths:5)
  Saint Roka (Elf:3)
  5 curse toes
  2 Killer Klowns (Zot:5)
  4 golden dragons
  A profane servitor (Crypt:2)
  Nikola (Elf:1)
  A Brimstone Fiend (D:4)
  5 bone dragons
  A pandemonium lord (Depths:5)
  2 electric golems (Zot:5)
  9 liches
  20 tentacled monstrosities
  30 Orb Guardians
  5 titans
  2 quicksilver dragons
  2 deep elf blademasters
  25 acid blobs
  The ghost of Dirtsage the Black Belt, an adept DsGl of Makhleb (Depths:5)
  2 deep elf master archers (Elf:3)
  Frances (Elf:1)
  11 sphinxes
  8 death cobs
  An eldritch tentacle (Crypt:3)
  4 tentacled starspawn
  7 ancient champions
  Agnes (Spider:2)
  16 storm dragons
  8 tengu reavers
  4 thorn hunters
  5 revenants
  10 shadow dragons
  5 draconian monks
  Roxanne (Swamp:2)
  A greater naga (Depths:2)
  11 azure jellies
  Donald (Spider:1)
  Wiglaf (Elf:3)
  4 deep elf sorcerers
  16 fire giants
  9 ghost moths
  14 vault wardens
  14 frost giants
  4 draconian knights
  8 draconian zealots
  9 deep elf elementalists
  An orc warlord (Depths:2)
  5 draconian shifters
  3 draconian scorchers
  11 emperor scorpions
  5 ironheart preservers
  11 ghouls (Crypt:2)
  2 curse skulls
  6 war gargoyles
  6 draconian annihilators
  26 very ugly things
  10 vampire knights
  2 spriggan defenders (Depths:3)
  2 draconian callers
  40 stone giants
  4 salamander stormcallers
  7 red draconians
  A corrupter (Zig:4)
  8 green draconians
  10 bennus
  Nessos (Lair:5)
  9 mottled draconians
  6 deep elf annihilators
  3 spark wasps
  7 deep elf demonologists
  6 yellow draconians
  6 black draconians
  4 dire elephants
  7 white draconians
  8 purple draconians
  7 deep elf death magi
  3 eidola
  9 death oozes
  3 green deaths
  A quicksilver dragon zombie (Abyss:2)
  19 ettins
  9 great orbs of eyes
  3 blizzard demons
  14 yaktaur captains
  A crystal guardian (Vaults:3)
  22 mummy priests
  Josephine (Lair:8)
  5 deep elf high priests
  26 fire dragons
  6 jiangshi
  5 rakshasas
  Fannar (Lair:3)
  11 ice dragons
  A minotaur (Lab)
  28 vault guards
  3 hell beasts
  5 ghost crabs
  3 monstrous demonspawn
  12 hydras
  11 centaur warriors
  13 entropy weavers
  A catoblepas (Abyss:2)
  2 anacondas
  5 death knights
  7 ogre magi
  3 deep troll shamans
  6 spriggan air magi
  7 alligators
  7 tengu warriors
  23 dancing weapons
  9 deep troll earth magi
  10 vampire magi
  Sonja (Lair:1)
  4 sun demons
  8 orc high priests
  3 thrashing horrors
  3 spriggan berserkers
  2 soul eaters
  A shock serpent (shapeshifter) (Elf:1)
  11 deep elf knights
  3 shadow wraiths
  A hell hog (Depths:2)
  5 wretched stars
  The ghost of nublet the Reanimator, a novice DDNe (D:7)
  5 fire crabs
  2 titan skeletons
  A fire crab (shapeshifter) (Depths:4)
  A spatial maelstrom (Zig:4)
  28 skeletal warriors
  An unseen horror (Vaults:1)
  13 flayed ghosts
  58 death scarabs
  2 golden dragon zombies
  27 deep trolls
  5 iron trolls
  9 hell knights
  9 deep elf archers
  A deep troll (shapeshifter) (Elf:1)
  8 swamp dragons
  21 phantasmal warriors
  7 giant orange brains
  3 shambling mangroves
  2 spriggan druids
  11 ironbrand convokers
  2 wizards
  A swamp dragon (shapeshifter) (Vaults:5)
  A tengu zombie (Vaults:5)
  2 anaconda skeletons
  14 anubis guards
  28 hill giants
  A lindwurm (Lair:6)
  2 golden dragon skeletons
  2 mana vipers (shapeshifter)
  A shadow dragon zombie (Crypt:2)
  Pikel (D:6)
  6 harpies
  10 orc knights
  3 stone giant zombies
  A harpy (shapeshifter) (Depths:4)
  14 hornets
  17 orb spiders
  39 deep elf magi
  66 ugly things
  A frost giant zombie (Tomb:1)
  3 shadow dragon skeletons
  35 wolf spiders
  13 shining eyes
  5 griffons
  A manticore (D:15)
  9 necromancers
  2 oklob plants
  3 cyclopes
  3 orc sorcerers
  A manticore (shapeshifter) (Vaults:5)
  3 sixfirhies
  A worldbinder (Abyss:3)
  20 moths of wrath
  A fire giant skeleton (Abyss:2)
  2 stone giant skeletons (Crypt:3)
  A moth of wrath (shapeshifter) (Vaults:5)
  2 guardian serpents (Depths:2)
  An iron dragon skeleton (Crypt:2)
  4 black mambas
  4 elephants (Lair:8)
  10 vault sentinels
  A dire elephant zombie (Tomb:2)
  A rust devil (Depths:2)
  22 spiny frogs
  2 torpor snails
  3 orange demons
  A guardian serpent (shapeshifter) (Vaults:1)
  4 centaur zombies
  An apocalypse crab (Abyss:2)
  3 smoke demons
  3 dire elephant skeletons
  3 naga magi (Depths:2)
  2 ice statues
  3 gargoyles
  3 eyes of devastation
  7 ice devils
  5 centaur skeletons
  2 molten gargoyles (Lair:6)
  A yaktaur (shapeshifter) (Depths:1)
  30 yaktaurs
  A white draconian skeleton (Crypt:2)
  2 anaconda simulacra (IceCv)
  An efreet (D:15)
  A green draconian skeleton (Crypt:2)
  A minotaur zombie (Lab)
  10 komodo dragons
  4 red devils (D:12)
  A kobold demonologist (Vaults:3)
  4 ancient zymes
  A golden dragon simulacrum (IceCv)
  37 guardian mummies
  A harpy zombie (Crypt:3)
  A sea snake skeleton (Crypt:1)
  4 fire drakes
  A hellwing (Depths:4)
  A tengu conjurer (Depths:2)
  A yaktaur skeleton (Vaults:5)
  9 demonic crawlers
  15 freezing wraiths
  A queen bee (Abyss:3)
  A queen bee (shapeshifter) (Vaults:3)
  2 jumping spiders (shapeshifter)
  18 two-headed ogres
  A polar bear (shapeshifter) (Vaults:2)
  6 trolls
  4 giant leeches
  A wind drake (Zig:2)
  33 jumping spiders
  18 large abominations
  4 polar bears
  7 bog bodies
  2 spectral guardian serpents (Crypt:2)
  A two-headed ogre (shapeshifter) (Vaults:3)
  A blink frog (shapeshifter) (D:15)
  24 blink frogs
  A minotaur skeleton (Crypt:2)
  A tengu simulacrum (Vaults:3)
  16 ushabtiu
  5 boulder beetles
  3 hydra skeletons (Crypt:3)
  19 raiju
  141 slime creatures
  A spriggan zombie (Depths:2)
  A guardian serpent zombie (Crypt:3)
  A trapdoor spider zombie (Crypt:1)
  A human simulacrum (Vaults:3)
  3 ettin zombies
  A raiju (shapeshifter) (Depths:4)
  11 tarantellas
  2 spriggans (shapeshifter)
  3 vampires
  60 flying skulls
  An ice dragon skeleton (Crypt:3)
  A trapdoor spider (shapeshifter) (Depths:4)
  Sigmund (D:2)
  A griffon skeleton (Crypt:1)
  A redback (shapeshifter) (Vaults:5)
  2 spriggans (Swamp:3)
  24 trapdoor spiders
  5 ynoxinuls
  80 redbacks
  2 ettin skeletons (Crypt:3)
  16 water elementals
  A dire elephant simulacrum (IceCv)
  3 fire dragon skeletons (Crypt:3)
  15 wraiths
  7 shadows
  5 fire elementals
  10 air elementals
  39 yaks
  A human (D:10)
  13 vampire mosquitoes
  Grum (D:9)
  8 neqoxecs
  4 wyverns
  Menkaure (D:6)
  2 basilisks
  A hog (shapeshifter) (Depths:3)
  4 chaos spawn
  15 hippogriffs
  2 death yak simulacra (IceCv)
  4 hungry ghosts
  4 mottled dragons
  A steam dragon (Lair:6)
  22 insubstantial wisps
  A swamp worm (shapeshifter) (Depths:4)
  2 iron troll simulacra (IceCv)
  Edmund (D:4)
  2 harpy simulacra (IceCv)
  24 wolves
  7 wargs
  A merfolk zombie (Tomb:1)
  23 swamp worms
  15 water moccasins
  3 hell hounds (Abyss:3)
  A faun skeleton (Crypt:1)
  11 porcupines
  A hell hound (shapeshifter) (Elf:1)
  13 swamp drakes
  2 ettin simulacra
  A swamp dragon zombie (Crypt:2)
  A water nymph skeleton (Crypt:3)
  A slave (D:6)
  2 spiny frog skeletons
  25 orc warriors
  7 sky beasts
  12 wasps
  15 black bears
  8 eyes of draining
  2 anubis guard zombies (Crypt:3)
  5 necrophages
  5 ice beasts
  2 phantoms
  An eye of draining (shapeshifter) (Vaults:5)
  42 ogres
  9 boggarts
  21 centaurs
  A manticore skeleton (Crypt:3)
  A snapping turtle skeleton (Crypt:3)
  A swamp dragon skeleton (Crypt:3)
  19 crocodiles
  A komodo dragon zombie (Crypt:2)
  An octopode zombie (Crypt:3)
  6 earth elementals
  26 giant frogs
  4 big kobolds
  An elf skeleton (Tomb:3)
  2 gnoll sergeants
  2 scorpions
  19 killer bees
  An elephant simulacrum (IceCv)
  36 wights
  A yak skeleton (Crypt:3)
  2 electric eels (Lair:2)
  3 giant frog zombies
  9 lava snakes
  15 starcursed masses
  5 crimson imps
  A draconian simulacrum (IceCv)
  44 jellies
  5 quasits
  15 small abominations
  5 hounds
  41 orc priests
  3 gnoll shamans (D:7)
  Crazy Yiuf (D:3)
  3 giant frog skeletons
  20 orc wizards
  2 iron imps
  Natasha (thrice) (D:2)
  18 iguanas
  12 hell rats
  A spriggan simulacrum (IceCv)
  7 worker ants
  19 sheep
  2 centaur simulacra (IceCv)
  A deep dwarf skeleton (Crypt:1)
  2 ogre skeletons (Lab)
  A hound zombie (D:8)
  A hound skeleton (D:10)
  58 mummies
  Robin (D:2)
  18 gnolls
  A scorpion zombie (Crypt:2)
  9 adders
  4 ogre simulacra (IceCv)
  51 river rats
  3 naga simulacra (IceCv)
  4 shadow imps
  A swamp drake zombie (Crypt:3)
  24 white imps
  8 ufetubi
  2 oozes
  An adder skeleton (D:7)
  3 worms (D:3)
  6 giant geckos
  99 orcs
  A giant cockroach (D:1)
  19 goblins
  9 hobgoblins
  16 jackals
  A quokka (D:9)
  A ball python (D:6)
  10 bats
  6 giant newts
  A goblin zombie (Crypt:1)
  2 hobgoblin skeletons
  20 kobolds
  A quokka skeleton (D:6)
  2 quokka zombies
  7 rats
  5 briar patches
  3 crawling corpses
  An eldritch tentacle segment (Zot:5)
  7 plants (Lair:8)
  3 starspawn tentacles
3359 creatures vanquished.

Vanquished Creatures (collateral kills)
  An ancient lich (Depths:3)
  9 greater mummies
  Norris (Elf:3)
  A pandemonium lord (D:14)
  A bone dragon (Depths:5)
  A tentacled monstrosity (Zot:3)
  A deep elf blademaster (Elf:3)
  A deep elf master archer (Elf:3)
  An Executioner (Zig:8)
  2 ancient champions
  A death cob (Zot:1)
  A storm dragon (Zot:1)
  A revenant (Vaults:3)
  2 azure jellies (Slime:6)
  A deep elf sorcerer (Elf:3)
  A vault warden (Vaults:3)
  A fire giant (Depths:3)
  A draconian knight (Zot:3)
  An orc warlord (Depths:2)
  A ghost moth (Spider:4)
  A frost giant (Depths:3)
  A draconian shifter (Zig:7)
  A reaper (D:14)
  A very ugly thing (Depths:3)
  A stone giant (Vaults:3)
  A dire elephant (Zig:5)
  3 mottled draconians
  A deep elf demonologist (Elf:3)
  2 green draconians (Zot:3)
  A black draconian (Zot:2)
  3 purple draconians (Zot:1)
  2 red draconians
  A deep elf annihilator (Vaults:5)
  A fire dragon (Depths:5)
  A deep elf death mage (Elf:3)
  3 mummy priests
  A yaktaur captain (Vaults:3)
  An ice dragon (Depths:3)
  2 great orbs of eyes (Depths:3)
  3 hydras (Swamp:4)
  An ogre mage (Vaults:3)
  A death knight (Vaults:3)
  An iron giant skeleton (Zig:6)
  2 deep troll shamans
  A deep troll earth mage (Depths:3)
  2 dancing weapons (Elf:2)
  A deep elf knight (Elf:3)
  A soul eater (D:14)
  3 small abominations
  3 swamp dragons
  6 death scarabs (Tomb:1)
  A deep troll (shapeshifter) (Vaults:3)
  A deep troll (Depths:3)
  2 deep elf archers
  A shambling mangrove (Swamp:4)
  4 deep elf magi (Elf:3)
  An orc knight (Vaults:3)
  4 ugly things
  An orc sorcerer (Elf:3)
  A shadow dragon skeleton (Zig:6)
  A wolf spider (Spider:4)
  A hornet (Swamp:4)
  2 moths of wrath
  A griffon (Vaults:3)
  A fire giant zombie (Zig:6)
  A black mamba (Zig:5)
  3 vault sentinels (Vaults:3)
  A spiny frog (Zig:5)
  3 yaktaurs (Vaults:3)
  A komodo dragon (shapeshifter) (Vaults:3)
  6 guardian mummies
  A two-headed ogre (Vaults:3)
  2 slime creatures (Slime:4)
  2 redbacks (Depths:2)
  14 flying skulls
  A wraith (Zig:6)
  2 wargs (Orc:2)
  2 swamp drakes (Swamp:4)
  2 orc warriors
  3 ogres (Vaults:3)
  An earth elemental (Elf:3)
  A jelly (Slime:5)
  A lightning spire (Zig:6)
  2 mummies
  2 orcs
  A kobold (Depths:2)
  A crawling corpse (Elf:3)
158 creatures vanquished.

Vanquished Creatures (others)
  A deep elf master archer (Elf:3)
  3 eldritch tentacles (Zot:5)
  A tengu reaver (Depths:5)
  A revenant (Tomb:2)
  A deep elf elementalist (Vaults:5)
  A vault warden (Vaults:1)
  3 stone giants
  A deep elf annihilator (Elf:3)
  A vault guard (Vaults:5)
  A yaktaur captain (Vaults:5)
  A quicksilver dragon zombie (Tomb:2)
  A merfolk javelineer (Depths:4)
  5 centaur warriors
  An ogre mage (Vaults:3)
  2 deep elf knights (Elf:2)
  A skeletal warrior (Tomb:1)
  5 death scarabs
  A hill giant (Vaults:1)
  2 deep elf archers (Elf:1)
  A golden dragon skeleton (Tomb:2)
  A tengu skeleton (Depths:2)
  A wolf spider zombie (Tomb:2)
  3 cyclopes
  2 iron dragon skeletons (Tomb:2)
  An emperor scorpion zombie (Tomb:2)
  9 yaktaurs
  A minotaur zombie (Tomb:2)
  2 guardian mummies
  A tengu simulacrum (Depths:2)
  A harpy skeleton (Tomb:1)
  An ice dragon zombie (Tomb:2)
  15 flying skulls (Tomb:2)
  A tarantella (Spider:3)
  A water elemental (Depths:4)
  A vampire mosquito (Swamp:3)
  A swamp worm (Swamp:1)
  An orc warrior (Vaults:3)
  4 centaurs
  A small abomination (Abyss:3)
  2 jellies (D:10)
  A hound (D:6)
  9 mummies
  A white imp (IceCv)
  6 orcs
  A giant cockroach (D:6)
  A briar patch (Swamp:3)
  A bush (Lair:3)
  179 eldritch tentacle segments
  19 fungi
  5 lost souls
  15 plants
  8 starspawn tentacles
  57 starspawn tentacle segments
387 creatures vanquished.

Grand Total: 3904 creatures vanquished

Notes
Turn   | Place    | Note
--------------------------------------------------------------
     0 | D:1      | JokEr the Minotaur Berserker began the quest for the Orb.
     0 | D:1      | Reached XP level 1. HP: 19/19 MP: 0/0
   468 | D:1      | Reached skill level 4 in Fighting
   492 | D:1      | Reached XP level 2. HP: 22/27 MP: 1/1
  1500 | D:2      | Noticed Sigmund
  1505 | D:2      | Killed Sigmund
  1505 | D:2      | Reached skill level 5 in Fighting
  1505 | D:2      | Reached skill level 5 in Maces & Flails
  1505 | D:2      | Reached XP level 3. HP: 37/37 MP: 2/2
  1505 | D:2      | Reached XP level 4. HP: 44/44 MP: 3/3
  1505 | D:2      | Reached XP level 5. HP: 50/50 MP: 4/4
  1577 | D:2      | Noticed Natasha
  1580 | D:2      | Killed Natasha
  1580 | D:2      | Reached skill level 6 in Maces & Flails
  1631 | D:2      | Reached ** piety under Trog
  1636 | D:2      | Noticed Natasha
  1641 | D:2      | Killed Natasha
  2028 | D:2      | Noticed Natasha
  2035 | D:2      | Noticed Robin
  2053 | D:2      | Killed Natasha
  2053 | D:2      | Reached XP level 6. HP: 43/57 MP: 5/5
  2057 | D:2      | Killed Robin
  2378 | D:3      | Found a faded altar to an unknown god.
  2411 | D:3      | Noticed Crazy Yiuf
  2420 | D:3      | Killed Crazy Yiuf
  3115 | D:3      | Found a shimmering altar of Xom.
  3115 | D:3      | Found a shattered altar of Ashenzari.
  3123 | D:3      | Reached *** piety under Trog
  3374 | D:4      | Reached skill level 7 in Maces & Flails
  3451 | D:4      | Noticed Edmund
  3462 | D:4      | Killed Edmund
  3462 | D:4      | Reached XP level 7. HP: 66/66 MP: 6/6
  3606 | D:4      | Reached skill level 8 in Maces & Flails
  4271 | D:5      | Entered Level 5 of the Dungeon
  4487 | D:5      | Found an iron altar of Okawaru.
  4514 | D:5      | Reached XP level 8. HP: 70/77 MP: 7/7
  4548 | D:5      | Reached skill level 9 in Fighting
  4589 | D:5      | Found a glowing golden altar of the Shining One.
  5106 | D:6      | Noticed Menkaure
  5114 | D:6      | Killed Menkaure
  5305 | D:6      | Found a staircase to the Ecumenical Temple.
  5339 | D:6      | Reached skill level 10 in Fighting
  5339 | D:6      | Reached skill level 10 in Maces & Flails
  5476 | D:6      | Reached **** piety under Trog
  5648 | D:6      | Noticed Pikel
  5659 | D:6      | Killed Pikel
  5659 | D:6      | Reached XP level 9. HP: 58/86 MP: 8/8
  5752 | D:6      | Reached skill level 11 in Maces & Flails
  6108 | D:7      | Noticed nublet's ghost (novice DDNe)
  6113 | D:7      | Killed nublet's ghost
  6426 | D:7      | Reached skill level 12 in Fighting
  6703 | D:7      | Reached XP level 10. HP: 71/99 MP: 9/9
  7773 | D:8      | Reached skill level 13 in Fighting
  7775 | D:8      | Reached ***** piety under Trog
  7858 | D:8      | Found a staircase to the Lair.
  8022 | D:8      | Found a blossoming altar of Fedhas.
  8135 | D:9      | Found a stormy altar of Qazlal.
  8193 | D:9      | Noticed Grum
  8212 | D:9      | Killed Grum
  8381 | D:9      | Found Kual's Weapon Shop.
  8461 | D:9      | Got a pair of shimmering boots
  8467 | D:9      | Identified the cursed +0 pair of boots of the Vaults {Int+5 SInv} (You found it on level 9 of the Dungeon)
  8539 | D:9      | Found an oddly glowing altar of Pakellas.
  8612 | D:9      | Found a staircase to the Orcish Mines.
  8651 | D:9      | Found a glowing silver altar of Zin.
  8813 | D:10     | Entered Level 10 of the Dungeon
  8847 | D:10     | Found a shimmering altar of Xom.
  9079 | D:10     | Found a shadowy altar of Dithmenos.
  9480 | Lair:1   | Entered Level 1 of the Lair of Beasts
  9485 | Lair:1   | Reached skill level 14 in Fighting
  9619 | Lair:1   | Noticed Sonja
  9626 | Lair:1   | Killed Sonja
  9626 | Lair:1   | Reached XP level 11. HP: 110/110 MP: 10/10
  9886 | Lair:1   | Reached skill level 5 in Armour
 11000 | Lair:2   | Received a gift from Trog
 11306 | Lair:2   | Reached skill level 10 in Armour
 11505 | Lair:2   | Reached skill level 1 in Shields
 11658 | Lair:3   | Noticed Fannar
 11681 | Lair:3   | Killed Fannar
 11765 | Lair:3   | Reached skill level 5 in Shields
 11854 | Lair:3   | Reached XP level 12. HP: 62/117 MP: 11/11
 12551 | Lair:3   | Reached ****** piety under Trog
 12701 | Lair:3   | Reached skill level 10 in Shields
 12715 | Lair:3   | Received a gift from Trog
 13082 | Lair:4   | Reached skill level 5 in Dodging
 13682 | Lair:5   | Noticed a five-headed hydra
 13685 | Lair:5   | Noticed a four-headed hydra
 13691 | Lair:5   | Killed a five-headed hydra
 13699 | Lair:5   | Killed a four-headed hydra
 13728 | Lair:5   | Noticed Nessos
 13745 | Lair:5   | Killed Nessos
 13905 | Lair:5   | Found a stormy altar of Qazlal.
 13919 | Lair:5   | Found a hole to the Spider Nest.
 13995 | Lair:5   | Reached XP level 13. HP: 69/124 MP: 12/12
 14661 | Lair:5   | Reached skill level 10 in Dodging
 15061 | Lair:6   | Received a gift from Trog
 15767 | Lair:6   | Found a staircase to the Swamp.
 15972 | Lair:6   | You fall through a shaft for 2 floors!
 15972 | Lair:8   | Entered Level 8 of the Lair of Beasts
 16732 | Lair:7   | Received a gift from Trog
 16756 | Lair:7   | Gained mutation: Your body sometimes deteriorates upon taking damage. [potion of mutation]
 16756 | Lair:7   | Gained mutation: Your muscles are strong. (Str +2) [potion of mutation]
 16756 | Lair:7   | Gained mutation: You are partially covered in icy blue scales (AC +1). [potion of mutation]
 16757 | Lair:7   | Lost mutation: Your muscles are strong. (Str +2) [potion of cure mutation]
 16757 | Lair:7   | Lost mutation: Your body sometimes deteriorates upon taking damage. [potion of cure mutation]
 16757 | Lair:7   | Lost mutation: You are partially covered in icy blue scales (AC +1). [potion of cure mutation]
 17279 | Lair:7   | Found a staircase to the Slime Pits.
 17315 | Lair:7   | Reached skill level 15 in Fighting
 17315 | Lair:7   | Reached skill level 15 in Maces & Flails
 17823 | Lair:8   | Noticed Josephine
 17834 | Lair:8   | Killed Josephine
 18298 | Lair:8   | Reached XP level 14. HP: 127/135 MP: 13/13
 18458 | Lair:8   | HP: 3/135 [dire elephant (7)]
 18510 | Lair:8   | Got a warped flail
 18758 | Lair:8   | Identified the +9 flail "Tattletale" {elec, Fragile +Blink rPois rN++} (You found it on level 8 of the Lair of Beasts)
 18770 | Lair:8   | Identified a +2 pair of boots of running (You found it on level 8 of the Lair of Beasts)
 18810 | Lair:8   | Got an iridescent flail
 19205 | D:11     | You fall through a shaft for 2 floors!
 19217 | D:13     | Received a gift from Trog
 19305 | D:12     | Found Qid Usad's Antique Armour Emporium.
 19329 | D:12     | Reached skill level 16 in Maces & Flails
 19615 | D:12     | Found Foceh's Antique Armour Boutique.
 19625 | D:12     | Bought a pair of glowing gloves for 139 gold pieces
 19706 | D:12     | Found Riasycim's Food Emporium.
 19716 | D:12     | Found an oddly glowing altar of Pakellas.
 20421 | D:12     | Found Muguegam's Weapon Emporium.
 20486 | D:12     | Found Nevvux's Distillery.
 20489 | D:12     | Bought a potion of curing for 42 gold pieces
 20489 | D:12     | Bought a potion of heal wounds for 70 gold pieces
 20489 | D:12     | Bought 2 potions of curing for 84 gold pieces
 20489 | D:12     | Bought a potion of curing for 42 gold pieces
 20489 | D:12     | Bought a potion of agility for 56 gold pieces
 20489 | D:12     | Bought a potion of resistance for 140 gold pieces
 20990 | D:13     | Got a twitching zirconium amulet
 21101 | D:13     | Found a gate to the Vaults.
 21360 | D:13     | Received a gift from Trog
 21366 | D:13     | Got a brightly glowing morningstar {god gift}
 21419 | D:13     | Identified the +0 morningstar of Mangagis {flame, rElec Str+4} (Trog gifted it to you on level 13 of the Dungeon)
 21697 | D:14     | Found a labyrinth entrance.
 21723 | Lab      | Entered a labyrinth
 21821 | Lab      | Identified the amulet "Dibog" {Dismiss rC+ MR+ Int+4 Slay+3} (You found it on level 13 of the Dungeon)
 21956 | Lab      | Identified the Handbook of the Creative Oath
 21963 | Lab      | Reached skill level 17 in Maces & Flails
 22063 | D:14     | Found an ancient bone altar of Kikubaaqudgha.
 22086 | D:14     | Found a frozen archway.
 22317 | D:14     | Gained mutation: You are weak. (Str -2) [potion of mutation]
 22317 | D:14     | Gained mutation: Your system is resistant to poisons. [potion of mutation]
 22317 | D:14     | Gained mutation: You have a somewhat thin skeletal structure (Dex +2, Stealth). [potion of mutation]
 22698 | D:14     | Identified the +4 flail of Dullness {crush, Str+5 Int+4 Dex-2} (You found it on level 8 of the Lair of Beasts)
 22702 | D:14     | Reached XP level 15. HP: 147/147 MP: 13/17
 22708 | D:15     | Entered Level 15 of the Dungeon
 23057 | D:15     | Found a staircase to the Depths.
 23399 | D:15     | Reached XP level 16. HP: 139/155 MP: 18/18
 23813 | D:14     | Reached skill level 18 in Fighting
 23926 | Orc:1    | Entered Level 1 of the Orcish Mines
 24031 | Orc:1    | Found a bloodstained altar of Trog.
 24164 | Orc:2    | Entered Level 2 of the Orcish Mines
 24209 | Orc:2    | Found a staircase to the Elven Halls.
 24385 | Orc:2    | Received a gift from Trog
 24584 | Orc:2    | Found a roughly hewn altar of Beogh.
 24610 | Orc:2    | Found Tezxiss's Antique Weapon Boutique.
 24628 | Orc:2    | Found Upoxo's General Store.
 24641 | Orc:2    | Bought a potion of heal wounds for 85 gold pieces
 24641 | Orc:2    | Bought a potion of heal wounds for 85 gold pieces
 24641 | Orc:2    | Bought a scroll of enchant armour for 127 gold pieces
 24696 | Orc:2    | Found Ruxim's Antique Weapon Boutique.
 24890 | Orc:2    | Found Beokha's General Store.
 25855 | Spider:1 | Entered Level 1 of the Spider Nest
 25855 | Spider:1 | Noticed Donald
 25858 | Spider:1 | Received a gift from Trog
 25878 | Spider:1 | Killed Donald
 26016 | Spider:1 | Found a frozen archway.
 26076 | IceCv    | Entered an ice cave
 27392 | Spider:1 | Reached skill level 19 in Fighting
 27778 | Spider:1 | Received a gift from Trog
 29653 | Spider:2 | Received a gift from Trog
 29653 | Spider:2 | Reached XP level 17. HP: 117/169 MP: 19/19
 30299 | Spider:2 | Received a gift from Trog
 30308 | Spider:2 | Reached skill level 20 in Fighting
 30753 | Spider:3 | Noticed Agnes
 30768 | Spider:2 | Killed Agnes
 31353 | Spider:3 | Gained mutation: You are partially covered in thin metallic scales (AC +2). [potion of mutation]
 31353 | Spider:3 | Gained mutation: You have a pair of large horns on your head. [potion of mutation]
 31353 | Spider:3 | Gained mutation: You are partially covered in yellow scales (AC +2). [potion of mutation]
 32066 | Spider:4 | Entered Level 4 of the Spider Nest
 32301 | Spider:4 | Received a gift from Trog
 33375 | Spider:4 | Got a gossamer rune of Zot
 33960 | Spider:4 | Gained mutation: Your spells are a little easier to cast, but a little less powerful. [potion of mutation]
 33960 | Spider:4 | Lost mutation: You have a pair of large horns on your head. [potion of mutation]
 33960 | Spider:4 | Lost mutation: You are partially covered in thin metallic scales (AC +2). [potion of mutation]
 33961 | Spider:4 | Upgraded the game from 0.18-a0-987-g0b0e4e7 to 0.18-a0-993-g4a3b7c7
 34216 | Vaults:1 | Entered Level 1 of the Vaults
 34369 | Vaults:1 | Reached XP level 18. HP: 168/180 MP: 20/20
 34540 | Vaults:1 | Reached skill level 15 in Armour
 35365 | Vaults:1 | Received a gift from Trog
 35878 | Vaults:2 | Got a brightly glowing morningstar
 36182 | Vaults:2 | Paralysed by an orc sorcerer for 3 turns
 36884 | Vaults:2 | Identified the cursed +0 morningstar "Kamustroc" {freeze, rPois rF+ MR- Stlth+} (You found it on level 2 of the Vaults)
 37347 | Vaults:3 | Reached skill level 15 in Shields
 37362 | Vaults:3 | Received a gift from Trog
 37409 | Vaults:3 | Reached XP level 19. HP: 109/187 MP: 21/21
 37772 | Vaults:3 | Found Ruleb's Assorted Antiques.
 37778 | Vaults:3 | Bought a scroll of teleportation for 108 gold pieces
 37957 | Vaults:3 | Found a staircase to the Crypt.
 38815 | Vaults:4 | Received a gift from Trog
 39119 | Vaults:4 | Noticed a lich
 39136 | Vaults:4 | Killed a lich
 39277 | Vaults:4 | Gained mutation: Your skin changes colour to match your surroundings (Stealth). [potion of mutation]
 39277 | Vaults:4 | Gained mutation: Scrolls take you a little longer to read. [potion of mutation]
 39278 | Vaults:4 | Lost mutation: Scrolls take you a little longer to read. [potion of cure mutation]
 39278 | Vaults:4 | Lost mutation: Your skin changes colour to match your surroundings (Stealth). [potion of cure mutation]
 39278 | Vaults:4 | Lost mutation: You are weak. (Str -2) [potion of cure mutation]
 39278 | Vaults:4 | Lost mutation: Your system is resistant to poisons. [potion of cure mutation]
 39279 | Vaults:4 | Lost mutation: Your spells are a little easier to cast, but a little less powerful. [potion of cure mutation]
 39279 | Vaults:4 | Lost mutation: You have a somewhat thin skeletal structure (Dex +2, Stealth). [potion of cure mutation]
 39279 | Vaults:4 | Lost mutation: You are partially covered in yellow scales (AC +2). [potion of cure mutation]
 39938 | Vaults:4 | Found Beytutirr's Jewellery Shop.
 40516 | Swamp:1  | Entered Level 1 of the Swamp
 40519 | Swamp:1  | Received a gift from Trog
 41171 | Swamp:1  | Identified a scroll of acquirement
 41174 | Swamp:1  | Got a steaming shield
 41185 | Swamp:1  | Identified the +5 shield of the Flute {rElec Int+4} (You acquired it on level 1 of the Swamp)
 41714 | Swamp:2  | Noticed Roxanne
 41730 | Swamp:2  | Killed Roxanne
 42069 | Swamp:3  | Reached skill level 15 in Dodging
 42091 | Swamp:3  | Reached XP level 20. HP: 135/195 MP: 22/22
 42927 | Swamp:4  | Entered Level 4 of the Swamp
 43047 | Swamp:4  | Noticed Mara
 43059 | Swamp:4  | Noticed JokEr's illusion
 43065 | Swamp:4  | Killed Mara
 43587 | Swamp:4  | Received a gift from Trog
 43862 | Swamp:4  | Got a decaying rune of Zot
 44386 | D:12     | Bought a meat ration for 65 gold pieces
 44386 | D:12     | Bought a meat ration for 65 gold pieces
 44386 | D:12     | Bought 3 fruits for 58 gold pieces
 44386 | D:12     | Bought a meat ration for 65 gold pieces
 44386 | D:12     | Bought 5 fruits for 97 gold pieces
 44386 | D:12     | Bought a beef jerky for 19 gold pieces
 44386 | D:12     | Bought a meat ration for 65 gold pieces
 44386 | D:12     | Bought a royal jelly for 26 gold pieces
 44386 | D:12     | Bought a beef jerky for 19 gold pieces
 44386 | D:12     | Bought a bread ration for 65 gold pieces
 44464 | Depths:1 | Entered Level 1 of the Depths
 44804 | Depths:1 | Found Meweme's Book Boutique.
 44964 | Depths:1 | Found Deani's Desiderata Depot.
 45856 | Depths:1 | Found a gateway to Hell.
 46433 | Depths:2 | Found a large runed door.
 46434 | Depths:2 | Found a large runed door.
 46544 | Depths:2 | Found a one-way gate to the infinite horrors of the Abyss.
 46551 | Depths:2 | Reached skill level 21 in Fighting
 46965 | Depths:2 | Received a gift from Trog
 47221 | Depths:2 | Paralysed by an ogre mage for 5 turns
 47230 | Depths:2 | Reached XP level 21. HP: 162/204 MP: 23/23
 48286 | Depths:3 | Reached skill level 22 in Fighting
 48310 | Depths:3 | Received a gift from Trog
 48329 | Depths:3 | Found a one-way gate leading to the halls of Pandemonium.
 48331 | Depths:3 | Found a gateway to a ziggurat.
 48404 | Depths:3 | Paralysed by a vampire knight for 2 turns
 48575 | Depths:3 | Received a gift from Trog
 48931 | Depths:3 | Found a stormy altar of Qazlal.
 48932 | Depths:3 | Found a basalt altar of Yredelemnul.
 48935 | Depths:3 | Found a glowing golden altar of the Shining One.
 49670 | Depths:3 | Cast into level 2 of the Abyss (an ogre mage)
 49807 | Abyss:2  | Found a corrupted altar of Lugonu.
 49871 | Abyss:2  | Found a corrupted altar of Lugonu.
 49891 | Abyss:2  | Found a corrupted altar of Lugonu.
 50644 | Depths:3 | Escaped the Abyss
 50935 | Depths:3 | Received a gift from Trog
 50948 | Depths:3 | Reached skill level 23 in Fighting
 51040 | Depths:3 | Reached XP level 22. HP: 156/220 MP: 24/24
 51627 | Depths:3 | Paralysed by a sphinx for 2 turns
 51754 | Depths:3 | Noticed an ancient lich
 52036 | Depths:3 | Killed an ancient lich
 52036 | Depths:3 | Reached skill level 24 in Fighting
 52699 | Depths:3 | Received a gift from Trog
 53027 | Depths:3 | Got an ancient lapis lazuli ring
 53057 | Depths:3 | Got a glittering marble ring
 53334 | Depths:3 | Identified the ring "Maor" {rC+ Str+3 Dex+4 SInv} (You took it off a tengu reaver on level 3 of the Depths)
 53335 | Depths:3 | Identified the ring of Sunlight {Int+4 Dex+6} (You took it off a frost giant on level 3 of the Depths)
 53824 | Depths:4 | Reached skill level 25 in Fighting
 53941 | Depths:4 | Got a pair of bloodstained gloves
 53952 | Depths:4 | Identified the -3 pair of gloves "Gytit" {-Tele rN+ rCorr Int+2} (You acquired it on level 4 of the Depths)
 55356 | Depths:5 | Entered Level 5 of the Depths
 55882 | Depths:5 | Noticed Sojobo
 55900 | Depths:5 | Killed Sojobo
 55900 | Depths:5 | Reached skill level 26 in Fighting
 55927 | Depths:5 | Reached XP level 23. HP: 162/236 MP: 25/25
 56113 | Depths:5 | Noticed Dirtsage's ghost (adept DsGl)
 56135 | Depths:5 | Killed Dirtsage's ghost
 56349 | Depths:5 | Found a gate to the Realm of Zot.
 56674 | Depths:5 | Received a gift from Trog
 57672 | Vaults:5 | Entered Level 5 of the Vaults
 58729 | Vaults:4 | Received a gift from Trog
 58955 | Vaults:5 | Got a heavily runed bone ring
 59286 | Vaults:5 | Reached XP level 24. HP: 232/247 MP: 25/25
 60206 | Vaults:4 | Identified the ring of the Tuna {SustAt rF+ rC+ Int+3} (You found it on level 5 of the Vaults)
 60655 | Vaults:5 | Got a silver rune of Zot
 60658 | Vaults:5 | Found Disameogh's Jewellery Shoppe.
 60664 | Vaults:5 | Bought the ring of Midsummer {Fire Str+6} for 669 gold pieces
 60695 | Vaults:5 | Found Cysmike's Antique Armour Emporium.
 60822 | Vaults:5 | Reached skill level 27 in Fighting
 61566 | Temple   | Entered the Ecumenical Temple
 61685 | D:5      | Fell from the grace of Trog
 61685 | D:5      | Became a worshipper of the Shining One
 61995 | Crypt:1  | Entered Level 1 of the Crypt
 62119 | Crypt:1  | Reached * piety under the Shining One
 62254 | Crypt:1  | Reached ** piety under the Shining One
 62544 | Crypt:1  | Reached skill level 27 in Maces & Flails
 62987 | Crypt:1  | Reached *** piety under the Shining One
 63260 | Crypt:2  | Reached **** piety under the Shining One
 63465 | Crypt:2  | Reached ***** piety under the Shining One
 63491 | Crypt:2  | Found a basalt altar of Yredelemnul.
 63525 | Crypt:2  | Reached skill level 1 in Invocations
 63533 | Crypt:2  | Got a bound glass ring
 63539 | Crypt:2  | Identified the ring of Generosity {Int+4 Stlth+} (You found it on level 2 of the Crypt)
 63841 | Crypt:2  | Reached skill level 5 in Invocations
 63844 | Crypt:2  | Reached ****** piety under the Shining One
 63877 | Crypt:2  | Identified a +4 eveningstar of holy wrath (a +2 antimagic eveningstar blessed by the Shining One)
 63877 | Crypt:2  | Received a gift from the Shining One
 64289 | Crypt:3  | Entered Level 3 of the Crypt
 64580 | Crypt:3  | Reached XP level 25. HP: 254/254 MP: 27/27
 64584 | Crypt:3  | Found a staircase to the Tomb.
 65593 | Crypt:3  | Reached skill level 10 in Invocations
 65991 | Crypt:3  | Noticed an ancient lich
 66014 | Crypt:3  | Killed an ancient lich
 66633 | Elf:1    | Entered Level 1 of the Elven Halls
 66859 | Elf:1    | Noticed Nikola
 66875 | Elf:1    | Killed Nikola
 67026 | Elf:1    | Noticed Frances
 67030 | Elf:1    | Killed Frances
 67921 | Elf:2    | Reached skill level 5 in Evocations
 68021 | Elf:2    | Found a runed door.
 68043 | Elf:2    | Found a runed door.
 68998 | Elf:3    | Entered Level 3 of the Elven Halls
 69007 | Elf:3    | Found Jujof's Gadget Emporium.
 69228 | Elf:3    | Noticed Wiglaf
 69254 | Elf:3    | Killed Wiglaf
 69261 | Elf:3    | Reached skill level 10 in Evocations
 69304 | Elf:3    | Got a wavering brass ring
 69311 | Elf:3    | Noticed Saint Roka
 69324 | Elf:3    | Killed Saint Roka
 69404 | Elf:3    | Identified the cursed ring "Oricuyt" {rPois EV-3} (You took it off a deep elf annihilator on level 3 of the Elven Halls)
 69762 | Elf:3    | Reached XP level 26. HP: 250/266 MP: 30/30
 69827 | Elf:3    | Noticed Norris
 69828 | Elf:3    | Found an ancient bone altar of Kikubaaqudgha.
 69839 | Elf:3    | Killed Norris
 70360 | Slime:1  | Entered Level 1 of the Pits of Slime
 70582 | Slime:2  | Was forgiven by Trog
 72051 | Slime:4  | Gained mutation: You expend magic power (3 MP) to strengthen your wands. [a shining eye]
 72063 | Slime:4  | Gained mutation: You tend to lose your temper in combat. [a shining eye]
 72221 | Slime:4  | Lost mutation: You tend to lose your temper in combat. [potion of cure mutation]
 72221 | Slime:4  | Lost mutation: You expend magic power (3 MP) to strengthen your wands. [potion of cure mutation]
 72688 | Slime:5  | Gained mutation: Potions and wands are less effective at restoring your health. [a shining eye]
 72691 | Slime:5  | Gained mutation: Your magical capacity is low (-10% MP). [a shining eye]
 73230 | Slime:6  | Entered Level 6 of the Pits of Slime
 73256 | Slime:6  | Gained mutation: You are partially covered in iridescent scales (AC +4). [a shining eye]
 73299 | Slime:6  | Gained mutation: You tend to lose your temper in combat. [a shining eye]
 73304 | Slime:6  | Noticed the Royal Jelly
 73319 | Slime:6  | Killed the Royal Jelly
 73319 | Slime:6  | Noticed Dissolution
 73329 | Slime:6  | Killed Dissolution
 73329 | Slime:6  | Reached skill level 15 in Evocations
 73902 | Slime:4  | Lost mutation: Potions and wands are less effective at restoring your health. [potion of cure mutation]
 73902 | Slime:4  | Lost mutation: You tend to lose your temper in combat. [potion of cure mutation]
 73902 | Slime:4  | Lost mutation: Your magical capacity is low (-10% MP). [potion of cure mutation]
 73902 | Slime:4  | Lost mutation: You are partially covered in iridescent scales (AC +4). [potion of cure mutation]
 74087 | Slime:6  | Gained mutation: You tend to lose your temper in combat. [a shining eye]
 74167 | Slime:6  | Gained mutation: Your spells are a little easier to cast, but a little less powerful. [a shining eye]
 74478 | Slime:6  | Gained mutation: You are clumsy. (Dex -2) [a shining eye]
 74570 | Slime:6  | Got a slimy rune of Zot
 74623 | Slime:6  | Got a twitching turquoise ring
 74643 | Slime:6  | Identified the ring "Gaosiep" {+Fly Str+2} (You found it on level 6 of the Pits of Slime)
 74720 | Slime:3  | Gained mutation: Your magical capacity is low (-10% MP). [a shining eye]
 74726 | Slime:3  | Gained mutation: You are dopey. (Int -2) [a shining eye]
 75154 | Lair:7   | Upgraded the game from 0.18-a0-993-g4a3b7c7 to 0.18-a0-998-gcb3fcb1
 75548 | Zig:1    | Entered Level 1 of a ziggurat
 75572 | Zig:2    | Entered Level 2 of a ziggurat
 75665 | Zig:3    | Entered Level 3 of a ziggurat
 75761 | Zig:4    | Entered Level 4 of a ziggurat
 75775 | Zig:4    | Paralysed by accursed screaming for 2 turns
 75782 | Zig:4    | Paralysed by accursed screaming for 2 turns
 75789 | Zig:4    | Paralysed by accursed screaming for 1 turns
 75804 | Zig:4    | Paralysed by accursed screaming for 1 turns
 76102 | Zig:4    | Lost mutation: Your magical capacity is low (-10% MP). [potion of cure mutation]
 76102 | Zig:4    | Lost mutation: You are dopey. (Int -2) [potion of cure mutation]
 76102 | Zig:4    | Lost mutation: You tend to lose your temper in combat. [potion of cure mutation]
 76102 | Zig:4    | Lost mutation: You are clumsy. (Dex -2) [potion of cure mutation]
 76108 | Zig:4    | Got a transparent morningstar
 76123 | Zig:4    | Identified the +5 morningstar of Suxuth {freeze, rPois rF+ rC+} (You found it on level 4 of a ziggurat)
 76133 | Zig:5    | Entered Level 5 of a ziggurat
 76185 | Zig:6    | Entered Level 6 of a ziggurat
 76307 | Zig:7    | Entered Level 7 of a ziggurat
 76349 | Zig:7    | Got an ancient silver ring
 76470 | Zig:8    | Entered Level 8 of a ziggurat
 76483 | Zig:8    | Noticed Voraarr the pandemonium lord
 76830 | Depths:3 | Identified the ring "Kaawnira" {SustAt MR+ Dex+4} (You found it on level 7 of a ziggurat)
 77371 | Depths:2 | Voluntarily entered the Abyss.
 77371 | Abyss:1  | Found an opulent altar of Gozag.
 77371 | Abyss:1  | Found a corrupted altar of Lugonu.
 77400 | Abyss:1  | Reached XP level 27. HP: 268/273 MP: 34/34
 77792 | Abyss:2  | Found a shimmering altar of Xom.
 78067 | Abyss:3  | Gained mutation: You are frail (-10% HP). [a neqoxec]
 78105 | Abyss:3  | Gained mutation: Armour fits poorly on your strangely shaped body. [a neqoxec]
 78155 | Abyss:3  | Lost mutation: You are frail (-10% HP). [potion of cure mutation]
 78155 | Abyss:3  | Lost mutation: Your spells are a little easier to cast, but a little less powerful. [potion of cure mutation]
 78222 | Abyss:3  | Gained mutation: You occasionally shout uncontrollably at your foes. [a neqoxec]
 78402 | Abyss:3  | Lost intelligence.
 78438 | Abyss:3  | Got an abyssal rune of Zot
 78491 | Depths:2 | Escaped the Abyss
 79492 | Tomb:1   | Entered Level 1 of the Tomb of the Ancients
 79567 | Tomb:1   | Lost mutation: Armour fits poorly on your strangely shaped body. [potion of cure mutation]
 79567 | Tomb:1   | Lost mutation: You occasionally shout uncontrollably at your foes. [potion of cure mutation]
 80155 | Tomb:1   | Noticed a greater mummy
 80172 | Tomb:1   | Killed a greater mummy
 80952 | Tomb:2   | Noticed a greater mummy
 81080 | Tomb:2   | Noticed a greater mummy
 81080 | Tomb:2   | Noticed an ancient lich
 81081 | Tomb:2   | Noticed a greater mummy
 81152 | Tomb:1   | Killed an ancient lich
 81155 | Tomb:1   | Killed a greater mummy
 81352 | Tomb:1   | Killed a greater mummy
 81681 | Tomb:1   | Killed a greater mummy
 82216 | Tomb:1   | Noticed a greater mummy
 82216 | Tomb:1   | Noticed a greater mummy
 82216 | Tomb:1   | Noticed a greater mummy
 82233 | Tomb:2   | Killed a greater mummy
 82426 | Tomb:1   | Noticed a greater mummy
 82432 | Tomb:2   | Killed a greater mummy
 82438 | Tomb:2   | Killed a greater mummy
 82631 | Tomb:1   | Killed a greater mummy
 82641 | Tomb:1   | Noticed a greater mummy
 82642 | Tomb:1   | Noticed a greater mummy
 82644 | Tomb:1   | Noticed a greater mummy
 83155 | Tomb:2   | Killed a greater mummy
 83241 | Tomb:2   | Killed a greater mummy
 83403 | Tomb:1   | Killed a greater mummy
 83742 | Tomb:1   | Noticed a greater mummy
 83767 | Tomb:1   | Killed a greater mummy
 83983 | Tomb:1   | Noticed a greater mummy
 83987 | Tomb:1   | Killed a greater mummy
 84027 | Tomb:1   | Noticed a greater mummy
 84043 | Tomb:1   | Noticed a greater mummy
 84044 | Tomb:1   | Noticed a greater mummy
 84047 | Tomb:1   | Killed a greater mummy
 84051 | Tomb:1   | Noticed a greater mummy
 84053 | Tomb:1   | Killed a greater mummy
 84061 | Tomb:1   | Killed a greater mummy
 84065 | Tomb:1   | Noticed a greater mummy
 84073 | Tomb:1   | Killed a greater mummy
 84087 | Tomb:1   | Noticed a greater mummy
 84534 | Tomb:1   | Killed a greater mummy
 85021 | Tomb:1   | Killed a greater mummy
 87259 | Tomb:3   | Entered Level 3 of the Tomb of the Ancients
 87476 | Tomb:3   | Noticed an ancient lich
 87677 | Tomb:2   | Killed an ancient lich
 87687 | Tomb:3   | Noticed a greater mummy
 87688 | Tomb:3   | Noticed a greater mummy
 87923 | Tomb:3   | Noticed a greater mummy
 87927 | Tomb:3   | Noticed a greater mummy
 88556 | Tomb:2   | Killed a greater mummy
 88740 | Tomb:3   | Noticed a greater mummy
 88923 | Tomb:2   | Killed a greater mummy
 89189 | Tomb:2   | Killed a greater mummy
 89189 | Tomb:2   | Reached skill level 27 in Armour
 89314 | Tomb:3   | Noticed a greater mummy
 89315 | Tomb:3   | Noticed a greater mummy
 89711 | Tomb:2   | Killed a greater mummy
 89868 | Tomb:3   | Noticed a greater mummy
 90168 | Tomb:2   | Killed a greater mummy
 90422 | Tomb:2   | Killed a greater mummy
 90698 | Tomb:2   | Killed a greater mummy
 90833 | Tomb:2   | Killed a greater mummy
 91236 | Tomb:3   | Got a golden rune of Zot
 92692 | Zot:1    | Entered Level 1 of the Realm of Zot
 93486 | Zot:2    | Noticed Medar's ghost (veteran DDWn)
 93528 | Zot:2    | Killed Medar's ghost
 94538 | Zot:2    | Gained mutation: Your spells are a little easier to cast, but a little less powerful. [potion of mutation]
 94538 | Zot:2    | Gained mutation: You tend to lose your temper in combat. [potion of mutation]
 94539 | Zot:2    | Lost mutation: You tend to lose your temper in combat. [potion of cure mutation]
 94539 | Zot:2    | Lost mutation: Your spells are a little easier to cast, but a little less powerful. [potion of cure mutation]
 95267 | Zot:3    | Noticed an orb of fire
 95275 | Zot:3    | Gained mutation: Your natural rate of healing is unusually fast. [an orb of fire]
 95290 | Zot:3    | Gained mutation: You have supernaturally acute eyesight. [an orb of fire]
 95292 | Zot:3    | Gained mutation: Your body sometimes deteriorates upon taking damage. [an orb of fire]
 95295 | Zot:3    | Killed an orb of fire
 96895 | Zot:5    | Entered Level 5 of the Realm of Zot
 97691 | Zot:5    | Noticed an ancient lich
 97693 | Zot:5    | Noticed an orb of fire
 97728 | Zot:5    | Killed an ancient lich
 97745 | Zot:5    | Gained mutation: You are clumsy. (Dex -2) [an orb of fire]
 97749 | Zot:5    | Lost mutation: You have supernaturally acute eyesight. [an orb of fire]
 97751 | Zot:5    | Gained mutation: You occasionally shout uncontrollably at your foes. [an orb of fire]
 97755 | Zot:5    | Gained mutation: Your body often deteriorates upon taking damage. [an orb of fire]
 97758 | Zot:5    | Killed an orb of fire
 97825 | Zot:5    | Noticed an ancient lich
 98112 | Zot:5    | Noticed an orb of fire
 98130 | Zot:5    | Noticed an ancient lich
 98137 | Zot:5    | Gained mutation: You are occasionally teleported next to monsters. [an orb of fire]
 98355 | Zot:5    | Gained mutation: You are frail (-10% HP). [an orb of fire]
 98362 | Zot:5    | Killed an orb of fire
 98511 | Zot:5    | Killed an ancient lich
 98511 | Zot:5    | Reached skill level 27 in Dodging
 98633 | Zot:5    | Noticed an orb of fire
 98639 | Zot:5    | Gained mutation: You are very frail (-20% HP). [an orb of fire]
 98653 | Zot:5    | Gained mutation: Your magical capacity is low (-10% MP). [an orb of fire]
 98659 | Zot:5    | Killed an orb of fire
 98715 | Zot:5    | Killed an ancient lich
 98987 | Zot:5    | Got the Orb of Zot
 99245 | Depths:5 | Noticed Penwaniu the pandemonium lord
 99254 | Depths:5 | Killed Penwaniu the pandemonium lord
 99407 | Depths:2 | Gained mutation: You are weak. (Str -2) [a neqoxec]
 99521 | D:14     | Noticed Uczegosme the pandemonium lord
 99530 | D:14     | Killed Uczegosme the pandemonium lord
 99909 | D:$      | Escaped with the Orb!

Vault maps used:
D:1:      lightli_molten_gateway, minmay_misc_feat_ornament
D:2:      serial_bayou_crossing, uniq_natasha, uniq_sigmund, uniq_robin
D:3:      gammafunk_temple_overflow_pools, first_bread, ecumenical_altar_2,
          uniq_crazy_yiuf_cottage
D:4:      minmay_misc_feat_four_crosses, kennysheep_generic_room_7, uniq_edmund
D:5:      okawaru_trees_1, kennysheep_mini, lightli_minifort
D:6:      minmay_temple_entry_enclosed_plants, uniq_menkaure, uniq_pikel
D:7:      kennysheep_seaside_town
D:8:      marbit_many_paths, lair_0_dummy
D:9:      nicolae_qazlal_eye_of_the_storm, lemuel_round_altar,
          johnstein_pakellas_dig, orc_0_dummy, serial_shops, shop_coins,
          uniq_grum
D:10:     basic_altar, grunt_pizzeria, grunt_dithmenos_smoke
D:12:     serial_shops, nicolae_shop_behind_doors, shop, kennysheep_mini_moat,
          shop, shop, basic_altar, hangedman_abyss_or_decor_jellyfish_corner,
          serial_park_tiny_1, einodemon_armed_red_devil_minivault
D:13:     hangedman_arrow_trap, david_vaults_1
D:14:     lemuel_tele_altar, portal_ice_cave_entry_ice_statue_01,
          lab_entry_generic
D:15:     grunt_enter_depths_snipers, serial_park_square3
Temple:   triangle_lava_temple_12
Lair:1:   uniq_sonja
Lair:2:   serial_bayou_shore_b, serial_bayou_shore_a, grunt_megastairs_3
Lair:3:   grunt_forest_large_clearings, uniq_fannar
Lair:4:   small_statue_intersection, grunt_megastairs_1
Lair:5:   spider_nest_entry_webs, basic_altar, uniq_nessos
Lair:6:   cheibrodos_magma_flow, minmay_swamp_entry_worms, grunt_megastairs_2
Lair:7:   minmay_slime_entry_pillars, grunt_megastairs_4
Lair:8:   due_jungle_book, uniq_josephine
Swamp:1:  evilmike_swamp_ruin_house_4
Swamp:2:  evilmike_swamp_ruin_house_3, uniq_roxanne
Swamp:3:  evilmike_swamp_ruin_wall
Swamp:4:  swamp, uniq_mara
Spider:1: portal_ice_cave_entry_imps, spider_trap, uniq_donald
Spider:2: nicolae_spider_circle_web
Spider:3: uniq_agnes
Spider:4: guppyfry_spider_rune, guppyfry_spider_mini_2
Slime:2:  cheibrodos_slime_lost_civilization_7
Slime:3:  cheibrodos_slime_lost_civilization_4
Slime:5:  hangedman_slime_tunnels
Slime:6:  uniq_dissolution
Orc:1:    serial_shops, nicolae_shop_overgrown_old_shop, basic_altar
Orc:2:    st_orc_town
Elf:1:    minivault_28, uniq_frances, uniq_nikola
Elf:3:    minmay_elf_hall_quartered_circle, serial_shops, shop_coins,
          basic_altar, uniq_saint_roka, uniq_norris, uniq_wiglaf
Vaults:1: nicolae_vaults_border_crossing, vaults_room_boxed,
          vaults_mumra_hexcomb, hangedman_vaults_capsules,
          ontoclasm_vaults_ring_small, ontoclasm_vaults_gateway,
          nicolae_vaults_sealed_display, nicolae_vaults_angled_halls,
          nicolae_vaults_little_squares_1, serial_shops, bzr_firewalk
Vaults:2: hangedman_vaults_hat, v_misc_4, v_misc_1, vaults_room_pools,
          vaults_dpeg_hooks, hangedman_vaults_stretched_pinwheel, v_pattern_4,
          vaults_dpeg_ring
Vaults:3: minmay_crypt_entry_simple_statues, hangedman_vaults_snaps,
          hangedman_vaults_stagger, nicolae_vaults_branching_niches,
          vaults_room_octagon, ontoclasm_vaults_chip, grunt_vaults_hallway_long,
          dpeg_vaults_monster_box, vaults_room_stairs_pillars,
          nicolae_vaults_little_squares_5, serial_shops, nicolae_shop_crystal
Vaults:4: ontoclasm_vaults_tryst, v_misc_1, hangedman_vaults_river_flow,
          vaults_dpeg_cross, v_rooms_2, ontoclasm_vaults_decontamination,
          v_misc_31, nicolae_vaults_alarming, nicolae_vaults_little_squares_4,
          vaults_room_pool, vaults_room_hangedman_quadrants,
          nicolae_vaults_little_squares_3, vaults_room_pools, serial_shops, shop
Crypt:1:  grunt_crypt_arrival_webbed
Crypt:2:  gammafunk_crypt_yreds_forest, nrook_guardian_serpent_ordinary,
          basic_stair_grate_trap
Crypt:3:  due_elkab
Depths:1: serial_shops, shop, minmay_crystal_water,
          pf_vacation_house_of_asmodeus, minmay_strange_pillars,
          nicolae_alphabet_shops
Depths:2: lightli_eight_chambers, grunt_hell_entry_dis_grunt, abyss_entry,
          grunt_decor_fettered
Depths:3: hangedman_slaughterboxes, pan_entry, abyss_entry, hell_entry
Depths:4: minmay_split_circle, pf_coc_iceberg, grunt_pan_entry_sceptre,
          hangedman_abyss_or_decor_lesser_grid, abyss_entry_glasseish,
          hangedman_decor_diamond_cutter, firewood_loft
Depths:5: evilmike_zot_entry_round, hell_entry, dk_noncrumbling_2,
          roderic_lattice_octagonal_star, uniq_sojobo
Zot:2:    lemuel_elevator
Zot:3:    hangedman_swamp_dais, basic_stair_grate_trap
Abyss:2:  grunt_abyss_exit_deep_breaths
Abyss:3:  hangedman_relentless_pull, grunt_abyss_rune_the_horror
Zig:7:    ziggurat_pillar_centre_dead_trees
Lab:      labyrinth_hidden_loot, labyrinth_fake_exit, nicolae_lab_do_over,
          nicolae_lab_arrow, nicolae_lab_very_dead_end, labyrinth_lava_lair,
          labyrinth_skeletal_remains, nicolae_lab_flowing_pool, lab_statue,
          nicolae_lab_hexagon, nicolae_lab_big_swirl, nicolae_lab_checkerboard,
          nicolae_lab_statue
IceCv:    ice_cave_caverns_03

Action                   |  1- 3 |  4- 6 |  7- 9 | 10-12 | 13-15 | 16-18 | 19-21 | 22-24 | 25-27 || total
-------------------------+-------+-------+-------+-------+-------+-------+-------+-------+-------++-------
Melee: Mace              |    42 |   111 |       |       |       |       |       |       |       ||   153
       Flail             |       |       |   273 |   720 |   928 |  1618 |  1807 |  1879 |  3998 || 11223
Invok: Berserk           |     1 |     4 |     5 |     6 |     5 |     6 |     2 |     2 |       ||    31
       Trog's Hand       |       |       |     1 |     3 |     3 |     7 |    13 |    11 |       ||    38
       Burn Spellbooks   |       |       |       |     1 |     5 |     3 |     4 |     1 |       ||    14
       Brothers in Arms  |       |       |       |       |       |     3 |    13 |    11 |       ||    27
       Divine Shield     |       |       |       |       |       |       |       |     3 |    29 ||    32
       Brand Weapon With |       |       |       |       |       |       |       |     1 |       ||     1
       Summon Divine War |       |       |       |       |       |       |       |       |    52 ||    52
       Cleansing Flame   |       |       |       |       |       |       |       |       |    24 ||    24
 Abil: Evoke Blink       |       |       |       |       |     1 |     1 |       |     4 |    13 ||    19
Evoke: Wand              |       |       |       |       |     1 |       |       |       |     4 ||     5
       Fan of gales      |       |       |       |       |       |       |       |     1 |       ||     1
       Lamp of fire      |       |       |       |       |       |       |       |     1 |       ||     1
       Box of beasts     |       |       |       |       |       |       |       |     1 |       ||     1
  Use: Scroll            |     9 |     5 |     7 |    11 |    21 |    13 |    35 |    14 |    20 ||   135
       Potion            |       |       |     2 |     4 |    15 |    18 |    23 |     9 |    27 ||    98
 Stab: Sleeping          |     1 |       |       |       |       |       |       |       |       ||     1
       Confused          |       |       |       |       |       |       |     4 |       |     2 ||     6
       Distracted        |       |       |       |       |       |       |     2 |     2 |     2 ||     6
       Petrifying        |       |       |       |       |       |       |       |       |     2 ||     2
       Petrified         |       |       |       |       |       |       |       |       |     2 ||     2
  Eat: Chunk             |     2 |     9 |    16 |    25 |    22 |    12 |     4 |       |       ||    90
       Royal jelly       |       |     1 |       |     1 |       |     1 |     2 |       |       ||     5
       Fruit             |       |       |       |     8 |    13 |    25 |    12 |       |       ||    58
       Pizza             |       |       |       |     1 |       |       |       |       |       ||     1
       Bread ration      |       |       |       |       |       |     2 |     2 |     6 |    26 ||    36
       Meat ration       |       |       |       |       |       |     2 |     5 |     5 |     8 ||    20
       Beef jerky        |       |       |       |       |       |       |     1 |       |     5 ||     6
